 Dungeon Crawl Stone Soup version 0.13.0-18-g7b03ea5 (webtiles) character file.

261 Malachi the Ruffian (level 4, -2/36 HPs)
             Began as a Troll Wizard on Oct 23, 2013.
             Slain by Terence
             ... wielding a +0,+0 trident
              (7 damage)
             ... on Level 3 of the Dungeon.
             The game lasted 00:04:09 (2366 turns).

Malachi the Ruffian (Troll Wizard)                  Turns: 2366, Time: 00:04:09

HP  -2/36        AC  5     Str 15      XL: 4   Next: 41%
MP   8/8         EV  9     Int 15      God:
Gold 165         SH  0     Dex  8      Spells:  1 memorised,  6 levels left

Res.Fire  : + . .   See Invis. : .     - Unarmed
Res.Cold  : . . .   Warding    : .   a - +0 robe
Life Prot.: . . .   Conserve   : .   (shield restricted)
Res.Poison: .       Res.Corr.  : .   b - +0 wizard hat (curse)
Res.Elec. : .       Clarity    : .   (no cloak)
Sust.Abil.: + .     Spirit.Shd : .   (gloves unavailable)
Res.Mut.  : .       Stasis     : .   (boots unavailable)
Res.Rott. : .       Flight     : .   (no amulet)
Gourmand  : +                        o - ring of protection from fire
                                     k - cursed ring of sustain abilities

@: slightly resistant to hostile enchantments, unstealthy
A: unfitting armour, claws 3, fast metabolism 3, gourmand, regeneration 2,
saprovore 2, tough skin 2, AC +1
a: no special abilities


You were on level 3 of the Dungeon.
You were completely stuffed.

You visited 1 branch of the dungeon, and saw 3 of its levels.

You collected 145 gold pieces.

Inventory:

Missiles
 j - 5 javelins (quivered)
Armour
 a - a +0 robe (worn)
 b - a cursed +0 wizard hat (worn)
Comestibles
 d - 2 meat rations
 f - 4 bread rations
 l - an apple
 p - a lemon
 q - 3 chunks of hobgoblin flesh
 t - a lychee
 u - a sausage
 z - a chunk of rat flesh
Scrolls
 e - a scroll of identify
 v - a scroll of enchant weapon II {unknown}
 w - a scroll of magic mapping
 A - a scroll of teleportation
Jewellery
 k - a cursed ring of sustain abilities (left claw)
 o - a ring of protection from fire (right claw)
 y - a +4 ring of strength {unknown}
Potions
 g - 2 potions of magic {unknown}
 h - 3 potions of curing {unknown}
 i - a potion of might {unknown}
 m - a potion of restore abilities {unknown}
 n - a potion of heal wounds {unknown}
 r - a potion of speed {unknown}
 s - 2 potions of poison {unknown}
 x - a potion of brilliance {unknown}
 B - a potion of agility {unknown}
Books
 c - a book of Minor Magic

   Spells                             Type                      Level
   *Magic Dart                        Conjuration                  1
   Blink                              Translocation                2
   Call Imp                           Summoning                    2
   Repel Missiles                     Charms/Air                   2
   Slow                               Hexes                        2
   Conjure Flame                      Conjuration/Fire             3
   Mephitic Cloud                     Conjuration/Poison/Air       3


   Skills:
 - Level 1.5 Dodging
 - Level 1.1 Stealth
 * Level 4.0 Unarmed Combat
 - Level 2.0 Spellcasting
 - Level 0.6 Conjurations
   Level 0.6 Summonings
   Level 0.6 Translocations


You had 6 spell levels left.
You knew the following spells:

 Your Spells              Type           Power        Failure   Level  Hunger
a - Magic Dart            Conj           #...         17%         1    #......


Dungeon Overview and Level Annotations

Branches:
Dungeon (3/27)

Altars:

Annotations:
D:3 Terence


Innate Abilities, Weirdness & Mutations

You are too large for most types of armour.
You have claws for hands.
Your metabolism is lightning-fast.
You like to eat raw meat.
You heal very quickly.
You can eat rotten meat.
You are covered in fur (AC +1).
You have very tough skin (AC +2).


Message History

You feel sick.
You feel better.
You hit Terence.
Terence begins to bleed from his wounds!
Terence is heavily wounded.
Terence hits you with a trident.
* * * LOW HITPOINT WARNING * * *
You hit Terence.
Terence is heavily wounded.
Terence hits you with a trident.
* * * LOW HITPOINT WARNING * * *
You hit Terence but do no damage.
Terence is heavily wounded.
Terence hits you with a trident.
* * * LOW HITPOINT WARNING * * *
You barely miss Terence.
Terence is heavily wounded.
Terence barely misses you.
Terence hits you from afar with a trident!
You die...

###.# #.# #.# ###.#
#...# ##### ....# #...
....# #####.#####
.#..####.........#
.#...........###@#
.#.####...##<###.###>#
.#......#.......@....#
.######%..######.#####
.# ##.## #?# .# #.#
#.# . #.# #.# #.. ..#
## ###


You could see Terence (bleeding).

Vanquished Creatures
  3 adders
  An ooze (D:3)
  4 orcs (D:3)
  7 bats
  5 giant cockroaches
  8 goblins
  10 hobgoblins
  3 jackals (D:2)
  A ball python (D:2)
  A giant newt (D:1)
  9 kobolds
  5 rats
57 creatures vanquished.

Notes
Turn   | Place    | Note
--------------------------------------------------------------
     0 | D:1      | Malachi, the Troll Wizard, began the quest for the Orb.
     0 | D:1      | Reached XP level 1. HP: 14/14 MP: 5/5
   104 | D:1      | Reached skill level 1 in Unarmed Combat
   191 | D:1      | Reached XP level 2. HP: 17/22 MP: 6/6
   836 | D:2      | Reached XP level 3. HP: 22/28 MP: 7/7
  1223 | D:2      | Reached skill level 3 in Unarmed Combat
  1991 | D:3      | Reached XP level 4. HP: 28/36 MP: 8/8
  2285 | D:3      | Reached skill level 4 in Unarmed Combat
  2350 | D:3      | Noticed Terence
  2366 | D:3      | Slain by Terence

Action                   |  1- 3 |  4- 6 || total
-------------------------+-------+-------++-------
Melee: Unarmed           |   140 |    61 ||   201
  Use: Scroll            |     9 |       ||     9
